 Dungeon Crawl Stone Soup version 0.31-a0-963-ga325b2283a (webtiles) character file.

Game seed: 15895879264730677715

360 BinkBink the Trooper (level 6, -3/53 HPs)
             Began as a Minotaur Hunter on Oct 25, 2023.
             Was an Initiate of Yredelemnul.
             Slain by a gnoll sergeant
             ... wielding a +0 spear
              (4 damage)
             ... on level 5 of the Dungeon.
             The game lasted 00:03:59 (3348 turns).

BinkBink the Trooper (Minotaur Hunter)              Turns: 3348, Time: 00:04:00

Health: -3/53      AC:  6    Str: 15    XL:     6   Next: 38%
Magic:  5/5        EV: 18    Int:  6    God:    Yredelemnul [......]
Gold:   201        SH:  0    Dex: 16    Spells: 5/5 levels left

rFire   + . .        f - +1 hand axe (pain)
rCold   . . .        (no shield)
rNeg    . . .        c - +0 leather armour
rPois   .            (helmet restricted)
rElec   .            (no cloak)
rCorr   .            e - +0 pair of gloves
SInv    .            u - +1 pair of boots
Will    .....        (no amulet)
Stlth   ++           j - +5 ring of evasion
HPRegen 0.28/turn    o - ring of protection from fire
MPRegen 0.09/turn

%: no passive effects
@: no status effects
A: horns 2, retaliatory headbutt
a: Renounce Religion, Recall Undead Harvest


You were on level 5 of the Dungeon.
You worshipped Yredelemnul.
Yredelemnul was noncommittal.
You visited 1 branch of the dungeon, and saw 5 of its levels.

You collected 201 gold pieces.

Inventory:

Hand Weapons
 a - a +0 shortbow
 f - a +1 hand axe of pain (weapon)
 q - the +0 war axe "Ihigrarch" {heavy, Dex+4}
   (You found it on level 2 of the Dungeon)

   Dex+4:     It affects your dexterity (+4).
Armour
 c - a +0 leather armour (worn)
 e - a +0 pair of gloves (worn)
 u - a +1 pair of boots (worn)
Jewellery
 j - a +5 ring of evasion (left hand)
 o - a ring of protection from fire (right hand)
Scrolls
 b - a scroll of butterflies
 d - 6 scrolls of identify {unknown}
 i - 3 scrolls of blinking {unknown}
 m - a scroll of revelation {unknown}
 n - 4 scrolls of fear {unknown}
 p - a scroll of enchant weapon {unknown}
 r - a scroll of torment {unknown}
 s - a scroll of immolation {unknown}
 v - a scroll of vulnerability {unknown}
 w - 2 scrolls of fog {unknown}
 x - a scroll of amnesia {unknown}
Potions
 g - 3 potions of haste {unknown}
 h - 2 potions of enlightenment {unknown}
 k - a potion of invisibility {unknown}
 l - a potion of ambrosia {unknown}
 t - 2 potions of attraction {unknown}


   Skills:
 + Level 4.5 Fighting
 + Level 3.5 Axes
 - Level 4.3 Ranged Weapons
 + Level 3.6 Armour
 + Level 4.2 Dodging
 - Level 1.0 Stealth


You had 5 spell levels left.
You didn't know any spells.
Your spell library was empty.

Dungeon Overview and Level Annotations

Branches:
Dungeon (5/15)
 Temple: D:4-7

Altars:
Gozag
Yredelemnul
Zin


Innate Abilities, Weirdness & Mutations

You have a pair of horns on your head.
You reflexively headbutt those who attack you in melee.


Message History

The gnoll is severely wounded.
The gnoll sergeant hits you from afar with a +0 spear!
The gnoll hits you with a +0 whip.
You barely miss the gnoll.
The gnoll is severely wounded.
You hit the gnoll. The gnoll sergeant barely misses you. The gnoll misses you.
You furiously retaliate!
You headbutt the gnoll.
You kill the gnoll!
The gnoll closely misses you.
The gnoll hits you from afar with a +0 spear.
You slash the gnoll!
The gnoll is severely wounded.
The gnoll sergeant misses you. The gnoll misses you.
The gnoll hits you with a +0 flail!
You barely miss the gnoll.
The gnoll is severely wounded.
The gnoll sergeant closely misses you. The gnoll misses you.
The gnoll hits you with a +0 flail.
You barely miss the gnoll. Your headbutt misses the gnoll.
The gnoll is severely wounded.
The gnoll sergeant completely misses you.
The gnoll closely misses you. x2
You hit the gnoll but do no damage.
The gnoll is severely wounded.
The gnoll sergeant hits you from afar with a +0 spear!
The gnoll misses you. The gnoll hits you but does no damage.
The gnoll barely misses you. The gnoll hits you with a +0 flail.
The gnoll sergeant hits you from afar with a +0 spear!
* * * LOW HITPOINT WARNING * * *
You are too injured to fight recklessly!
The gnoll sergeant attacks as it pursues you!
The gnoll sergeant hits you from afar with a +0 spear.
* * * LOW HITPOINT WARNING * * *
You barely miss the gnoll. Your headbutt misses the gnoll.
The gnoll is severely wounded.
The gnoll hits you with a +0 flail.
* * * LOW HITPOINT WARNING * * *
The gnoll sergeant hits you from afar with a +0 spear.
You die...
Your body rises from the dead as a mindless zombie.

... #.##.... #.# ..
#.... #.## #. #...#
#..## .# ##...#
#...####.###..#.#
..##..........#.# ###..
.######.#####...##.....
#.# ##.### #....# #.#
#...###.#@.## #<#
#.#....###gg# ###
#8.8##### ##gg.....
.°...... .......
......... #......
..○........ .###..
............ ## .
...........°. .......


You could see a gnoll sergeant and 3 gnolls.

Vanquished Creatures
  An ice beast (D:3)
  A hound (D:4)
  A sleepcap (D:4)
  An orc wizard (D:3)
  An iguana (D:3)
  3 adders
  4 gnolls
  5 worms
  A dart slug (D:3)
  5 orcs
  6 endoplasms
  3 giant cockroaches
  6 goblins
  5 hobgoblins
  5 kobolds
  6 quokkas
  4 ball pythons
  10 bats
  14 frilled lizards
  2 rats (D:2)
84 creatures vanquished.

Notes
Turn   | Place    | Note
-------+----------+-------------------------------------------
     0 | D:1      | BinkBink the Minotaur Hunter began the quest for the Orb.
     0 | D:1      | Reached XP level 1. HP: 18/18 MP: 0/0
    52 | D:1      | Reached skill level 1 in Stealth
   105 | D:1      | Reached XP level 2. HP: 24/25 MP: 1/1
   107 | D:1      | Reached skill level 1 in Armour
   326 | D:1      | Reached skill level 1 in Axes
   764 | D:2      | Reached XP level 3. HP: 31/31 MP: 2/2
  1008 | D:2      | Identified the +0 war axe "Ihigrarch" {heavy, Dex+4}
  1300 | D:3      | Found a faded altar of an unknown god.
  1448 | D:3      | Noticed an ice beast
  1455 | D:3      | Reached XP level 4. HP: 37/38 MP: 3/3
  1801 | D:3      | Found a glowing silver altar of Zin.
  1832 | D:3      | Found an opulent altar of Gozag.
  1907 | D:3      | Reached XP level 5. HP: 43/46 MP: 4/4
  2102 | D:3      | Killed an ice beast
  2367 | D:3      | Prayed at the altar of an unknown god.
  2367 | D:3      | Became a worshipper of Yredelemnul the Dark
  2367 | D:3      | Reached * piety under Yredelemnul
  2503 | D:4      | Reached XP level 6. HP: 52/52 MP: 5/5
  3308 | D:5      | Entered Level 5 of the Dungeon
  3348 | D:5      | HP: 1/53 [gnoll/+0 flail[a gnoll sergeant] (6)]
  3348 | D:5      | Slain by a gnoll sergeant

Illustrated notes

Levels and vault maps discovered:
D:1:      minmay_arrival_stair_chambers, layout_loops_ring, minmay_lizard_king
D:2:      layout_rooms
D:3:      layout_basic, lemuel_doored_altar, general_overflow_altar,
          ebering_ecumenical_altar_abandoned
D:4:      layout_loops_corners, serial_bayou, serial_bayou_pond_c,
          serial_bayou_lagoon_a, serial_bayou_shore_b, serial_bayou_shore_b
D:5:      nicolae_cairo_tiling_large_dashed, layout_layer_cave,
          lemuel_temple_firewalk_b, grunt_ministairs_9, uniq_crazy_yiuf_cottage

Skill      XL: |  1  2  3  4  5 |
---------------+----------------+-----
Stealth        | 1 |  1.0
Armour         | 1 2 3 |  3.6
Axes           | 1 2 3 |  3.5
Fighting       | 3 4 |  4.5
Dodging        | 3 4 |  4.2
Ranged Weapons | |  4.3

Action                     |  1- 3 |  4- 6 || total
---------------------------+-------+-------++-------
  Melee: Hand axe          |    95 |    99 ||   194
         Headbutt          |    14 |    18 ||    32
         Punch             |       |     1 ||     1
   Fire: Shortbow          |     9 |       ||     9
   Stab: Sleeping          |     2 |     3 ||     5
         Distracted        |       |     1 ||     1
 Armour: Leather armour    |    41 |    42 ||    83
  Dodge: Dodged            |    69 |    79 ||   148

Table legend: (Time is in decaauts)
 A = Elapsed time spent in this place.
 B = Non-inter-level travel time spent in this place.
 C = Inter-level travel time spent in this place.
 D = Time resting spent in this place.
 E = Time spent auto-exploring this place.
 F = Levels seen in this place.
 G = Mean time per level.
                   A        B        C        D        E       F      G
               +--------+--------+--------+--------+--------+-----+--------+
         Total |   3402 |   3309 |     93 |      0 |   2717 |   5 |  680.4 |
       Dungeon |   3402 |   3309 |     93 |      0 |   2717 |   5 |  680.4 |
               +--------+--------+--------+--------+--------+-----+--------+

Top non-repeatable levels by time:
     D:3: 1120 daAuts
     D:4: 947 daAuts
     D:1: 769 daAuts
     D:2: 524 daAuts
     D:5: 40 daAuts
